 Dungeon Crawl Stone Soup version 0.30-a0-368-g86fb4627a9 (webtiles) character file.

Game seed: 4507948400110336783

271 avis the Chopper (level 6, -1/56 HPs)
             Began as a Hill Orc Monk on Nov 19, 2022.
             Slain by a phantom (5 damage)
             ... on level 5 of the Dungeon on Nov 20, 2022.
             The game lasted 00:16:45 (3735 turns).

avis the Chopper (Hill Orc Monk)                    Turns: 3735, Time: 00:16:47

Health: -1/56      AC:  9    Str: 16    XL:     6   Next: 23%
Magic:  6/6        EV:  7    Int: 10    God:
Gold:   179        SH: 11    Dex: 19    Spells: 5/5 levels left

rFire   . . .      SeeInvis .    a - +0 hand axe
rCold   . . .      Faith    .    b - +2 buckler
rNeg    . . .      Spirit   .    w - +0 chain mail
rPois   .          Reflect  +    (no helmet)
rElec   .          Harm     .    r - +0 cloak
rCorr   .          Rampage  .    (no gloves)
Will    .....                    (no boots)
Stlth   ..........               A - amulet of reflection
HPRegen 0.29/turn                y - +6 ring of dexterity
MPRegen 0.10/turn                (no ring)

@: no status effects
A: no striking features
a: no special abilities


You were on level 5 of the Dungeon.
You visited 1 branch of the dungeon, and saw 5 of its levels.

You collected 179 gold pieces.

Inventory:

Hand Weapons
 a - a +0 hand axe (weapon)
 h - a +2 vampiric dagger
 j - a +0 trident
 B - a +0 spear
 C - a +0 trident
 D - a +0 sling
 E - a +0 spear
Missiles
 o - 14 poisoned darts (quivered)
 p - 12 boomerangs
Armour
 b - a +2 buckler (worn)
 i - a +0 plate armour
 r - a +0 cloak (worn)
 t - a +2 ring mail of cold resistance
 w - a +0 chain mail (worn)
Jewellery
 y - a +6 ring of dexterity (left hand)
 A - an amulet of reflection (around neck)
Scrolls
 f - a scroll of blinking {unknown}
 k - 3 scrolls of identify {unknown}
 m - 3 scrolls of vulnerability {unknown}
 n - a scroll of amnesia {unknown}
 u - 2 scrolls of butterflies {unknown}
 v - a scroll of poison {unknown}
 z - a scroll of torment {unknown}
Potions
 c - a potion of ambrosia
 d - 3 potions of curing
 e - 2 potions of degeneration {unknown}
 g - 2 potions of lignification {unknown}
 l - 2 potions of flight {unknown}
 q - a potion of attraction {unknown}
 s - 2 potions of mutation {unknown}
 x - a potion of heal wounds {unknown}


   Skills:
 - Level 5.1 Fighting
 * Level 7.3 Axes
 * Level 0.9 Throwing
 - Level 2.0 Armour
 - Level 2.4 Dodging
 - Level 1.5 Stealth


You had 5 spell levels left.
You didn't know any spells.
Your spell library contained the following spells:

 Spells                   Type           Power      Damage    Failure   Level
 Slow                     Hex            0%         N/A       100%        1
 Confusing Touch          Hex            0%         N/A       100%        3
 Gell's Gravitas          Tloc           0%         N/A       100%        3
 Lesser Beckoning         Tloc           0%         N/A       100%        3
 Teleport Other           Tloc           0%         N/A       100%        3
 Tukima's Dance           Hex            0%         N/A       100%        3
 Vampiric Draining        Necr           0%         2d6       100%        3
 Passage of Golubria      Tloc           0%         N/A       100%        4
 Yara's Violent Unravell  Hex/Tmut       0%         3d3       100%        5


Dungeon Overview and Level Annotations

Branches:
Dungeon (5/15)
 Temple: D:4-7

Altars:
Qazlal
Sif Muna

Annotations:
D:3 exclusion: door


Message History

You block the phantom's attack. You block the iguana's attack.
You hit the phantom.
The phantom is severely damaged.
You hit the iguana.
You feel sick. The phantom hits you. You block the iguana's attack.
You hit the phantom.
The phantom is severely damaged.
You hit the iguana but do no damage.
You feel sick. You block the phantom's attack. You block the iguana's attack.
You closely miss the phantom.
The phantom is severely damaged.
You closely miss the iguana.
You feel sick.
The phantom hits you but does no damage.
You block the iguana's attack.
You hit the phantom but do no damage.
The phantom is severely damaged.
You closely miss the iguana.
You feel sick. You block the phantom's attack. The iguana bites you!
You hit the phantom.
The phantom is almost destroyed.
You hit the iguana but do no damage.
You feel sick. The phantom hits you.
* * * LOW HITPOINT WARNING * * *
The phantom blinks!
You blink.
An iguana comes into view.
You feel sick.
You are no longer poisoned.
The iguana hisses angrily.
You closely miss the phantom.
The phantom is almost destroyed.
The phantom completely misses you.
You barely miss the phantom.
The phantom is almost destroyed.
You hit the phantom but do no damage.
The phantom is almost destroyed.
The phantom hits you.
* * * LOW HITPOINT WARNING * * *
The iguana bites you!
* * * LOW HITPOINT WARNING * * *
The phantom hits you.
You die...

##### #...
####.####
#.@Wl...#
#l##.##.#####
###.#.........#
##..?........$....
#.................
#.##.#.....$...#..
#. #.#............
# ....$.......#..
.###..?......# .


You could see a phantom and 2 iguanas.

Vanquished Creatures
  2 scorpions
  Ijyb (D:3)
  6 adders
  2 worms
  2 dart slugs
  7 orcs
  4 endoplasms
  4 giant cockroaches
  6 goblins
  4 hobgoblins
  A jackal (D:1)
  A quokka (D:3)
  9 ball pythons
  5 bats
  2 frilled lizards
  8 kobolds
  4 rats
68 creatures vanquished.

Notes
Turn   | Place    | Note
-------+----------+-------------------------------------------
     0 | D:1      | avis the Hill Orc Monk began the quest for the Orb.
     0 | D:1      | Reached XP level 1. HP: 19/19 MP: 1/1
   154 | D:1      | Reached XP level 2. HP: 27/27 MP: 2/2
   387 | D:1      | You fall into a shaft and drop 1 floor!
   387 | D:2      | Found a faded altar of an unknown god.
   493 | D:2      | Reached skill level 5 in Axes
   537 | D:2      | Reached XP level 3. HP: 33/33 MP: 3/3
  1134 | D:3      | Reached XP level 4. HP: 41/41 MP: 4/4
  1367 | D:3      | Found a shimmering blue altar of Sif Muna.
  1386 | D:3      | Noticed Ijyb
  1592 | D:3      | Killed Ijyb
  1593 | D:3      | Reached skill level 1 in Armour
  1836 | D:3      | Noticed a scorpion
  1870 | D:3      | Killed a scorpion
  1871 | D:3      | Reached skill level 6 in Axes
  1871 | D:3      | Reached XP level 5. HP: 10/47 MP: 5/5
  2607 | D:4      | Reached skill level 5 in Fighting
  2607 | D:4      | Reached skill level 7 in Axes
  2613 | D:4      | Reached XP level 6. HP: 26/56 MP: 6/6
  2966 | D:4      | Found a stormy altar of Qazlal.
  3551 | D:5      | Entered Level 5 of the Dungeon
  3735 | D:5      | Slain by a phantom

Illustrated notes

Levels and vault maps discovered:
D:1:      kennysheep_arrival_forest, layout_rooms, chequers_jeans,
          minmay_pentomino_v2
D:2:      layout_loops_ring, chequers_ecumenical_altar_island,
          nicolae_figureground_pulse
D:3:      layout_loops_ring, led_sif_book, uniq_ijyb
D:4:      minmay_wonky_spiral, layout_loops_corners,
          nicolae_qazlal_eye_of_the_storm
D:5:      layout_loops_ring, nicolae_kikubaaqudgha_miasma_corner, minivault_11,
          grunt_ministairs_10, minmay_misc_feat_more_columns,
          nicolae_hexahallways

Skill      XL: |  1  2  3  4  5 |
---------------+----------------+-----
Fighting       | 4 5 |  5.1
Axes           | 5 6 7 |  7.3
Armour         | 1 2 |  2.0
Throwing       | |  0.9
Dodging        | |  2.4
Stealth        | |  1.5

Action                   |  1- 3 |  4- 6 || total
-------------------------+-------+-------++-------
Melee: Hand axe          |   122 |   178 ||   300
       Unarmed           |       |    31 ||    31
  Use: Potion            |       |     1 ||     1
 Stab: Sleeping          |     3 |       ||     3
Armor: Robe              |     7 |       ||     7
       Plate armour      |    57 |    44 ||   101
       Skin              |       |     6 ||     6
       Chain mail        |       |    30 ||    30
Dodge: Dodged            |    41 |    69 ||   110
Block: Buckler           |    10 |    36 ||    46

Table legend: (Time is in decaauts)
 A = Elapsed time spent in this place.
 B = Non-inter-level travel time spent in this place.
 C = Inter-level travel time spent in this place.
 D = Time resting spent in this place.
 E = Time spent auto-exploring this place.
 F = Levels seen in this place.
 G = Mean time per level.
                   A        B        C        D        E       F      G
               +--------+--------+--------+--------+--------+-----+--------+
         Total |   3744 |   3336 |    408 |    745 |   1606 |   5 |  748.8 |
       Dungeon |   3744 |   3336 |    408 |    745 |   1606 |   5 |  748.8 |
               +--------+--------+--------+--------+--------+-----+--------+

Top non-repeatable levels by time:
     D:4: 1290 daAuts
     D:3: 1045 daAuts
     D:2: 980 daAuts
     D:1: 391 daAuts
     D:5: 36 daAuts
